 Dungeon Crawl Stone Soup version 0.23-a0-419-g0174fd80c1 (webtiles) character file.

210 MirrMurr the Sneak (level 5, 0/24 HPs)
             Began as a Spriggan Enchanter on Nov 14, 2018.
             Succumbed to an adder's poison
             ... in a sewer.
             The game lasted 00:09:20 (3839 turns).

MirrMurr the Sneak (Spriggan Enchanter)             Turns: 3839, Time: 00:09:21

Health: 0/24       AC:  2    Str: 12    XL:     5   Next: 56%
Magic:  2/10       EV: 18    Int: 17    God:
Gold:   102        SH:  0    Dex: 16    Spells: 3/9 levels left

rFire    + . .     SeeInvis +   a - +1 dagger
rCold    + . .     Gourm    .   (shield restricted)
rNeg     . . .     Faith    .   h - +0 robe
rPois    .         Spirit   .   (helmet restricted)
rElec    .         Reflect  .   k - scarf {rC+ rF+}
rCorr    .         Harm     .   (gloves unavailable)
MR       .....                  (boots unavailable)
Stlth    ++++......             (no amulet)
HPRegen  0.08/turn              (no ring)
MPRegen  0.12/turn              (no ring)

@: mighty, lethally poisoned (0 -> -2), very slightly contaminated, very quick
A: very small, unfitting armour, see invisible, blink, herbivore, speed 3, slow
metabolism 2, strong 1
a: Blink


You were in a sewer.
You were not hungry.

You visited 1 branch of the dungeon, and saw 3 of its levels.
You also visited: Sewer.

You collected 102 gold pieces.

Inventory:

Hand Weapons
 a - a +1 dagger (weapon)
 b - a +0 hunting sling
Missiles
 e - 22 poisoned needles
 g - 89 stones (quivered)
 o - 30 sling bullets
Armour
 h - a +0 robe (worn)
 k - a scarf of resistance (worn)
Scrolls
 c - a scroll of magic mapping {unknown}
 d - a scroll of fog {unknown}
 i - 3 scrolls of remove curse {unknown}
 m - a scroll of enchant weapon {unknown}
 n - 2 scrolls of identify {unknown}
Potions
 f - 2 potions of mutation


   Skills:
 + Level 4.3 Short Blades
 - Level 3.0 Dodging
 + Level 7.6 Stealth
 - Level 2.6 Spellcasting
 - Level 3.6 Hexes


You had 3 spell levels left.
You knew the following spells:

 Your Spells              Type           Power        Failure   Level  Hunger
a - Ensorcelled Hibernat  Hex/Ice        #.....       13%         2    ##.....
b - Confuse               Hex            ##......     12%         3    ###....
C - Corona                Hex            ##.....      4%          1    #......

Your spell library contained the following spells:

 Spells                   Type           Power        Failure   Level  Hunger
 Tukima's Dance           Hex            ##......     12%         3    ###....
 Dazzling Spray           Conj/Hex       #.....       26%         3    ###....


Dungeon Overview and Level Annotations

Branches:
Dungeon (3/15)

Altars:
Makhleb

Annotations:
D:1 dig


Innate Abilities, Weirdness & Mutations

You are very small and have problems with some larger weapons.
You are too small for most types of armour.
You have supernaturally acute eyesight. (SInv)
You are a herbivore.
You cover ground extremely quickly.
You need to consume almost no food.
You can translocate small distances at will.
Your muscles are strong. (Str +2)


Message History

Casting: Ensorcelled Hibernation (safe; 13% risk of failure)
Confirm with . or Enter, or press ? or * to list all spells.
Aiming: Ensorcelled Hibernation (safe; 13% risk of failure)
Press: ? - help, Shift-Dir - straight line, f - rat
Aim: a rat (chance to defeat MR: 57%)
The rat resists with significant effort.
You feel sick. The rat closely misses you.
You are too injured to fight recklessly!
You are too injured to fight recklessly!
You are too injured to fight recklessly!
You are too injured to fight recklessly!
You puncture the rat!
You kill the rat!
The rat bites you.
* * * LOW HITPOINT WARNING * * *
You hit the rat.
You kill the rat!
You hit the rat.
You kill the rat!
You die...

##### ####...####
####.........####
##...@...........##
#...†...###.......#
##...†..##
##......##
#......## ##......#
##≈≈≈≈## ##r†≈≈##
#≈≈≈≈≈≈# #≈≈≈≈≈≈#
#≈≈≈≈≈≈# #≈≈≈r≈≈#
#≈≈≈≈≈≈# #≈≈≈≈#≈#
#≈≈≈≈≈≈# #≈≈≈≈≈≈#


There were no monsters in sight!

Vanquished Creatures
  A scorpion (D:2)
  4 adders
  A gnoll (D:1)
  4 river rats (Sewer)
  4 worms (D:2)
  A dart slug (D:1)
  3 leopard geckos (D:3)
  6 giant cockroaches
  8 goblins
  3 hobgoblins
  A quokka (D:2)
  4 ball pythons
  8 bats
  3 frilled lizards
  7 kobolds (D:1)
  12 rats
70 creatures vanquished.

Notes
Turn   | Place    | Note
-------+----------+-------------------------------------------
     0 | D:1      | MirrMurr the Spriggan Enchanter began the quest for the
                  | Orb.
     0 | D:1      | Reached XP level 1. HP: 9/9 MP: 5/5
   228 | D:1      | Reached XP level 2. HP: 13/13 MP: 6/6
   239 | D:1      | Reached skill level 5 in Stealth
   405 | D:1      | Learned a level 2 spell: Ensorcelled Hibernation
  1167 | D:1      | Reached XP level 3. HP: 16/16 MP: 8/8
  1172 | D:1      | Learned a level 3 spell: Confuse
  1855 | D:2      | Reached skill level 6 in Stealth
  2420 | D:2      | Reached XP level 4. HP: 21/21 MP: 9/9
  2719 | D:2      | Reached skill level 7 in Stealth
  2719 | D:2      | Reached XP level 5. HP: 24/24 MP: 7/10
  2947 | D:2      | Found a burning altar of Makhleb.
  3158 | D:3      | Found a glowing drain.
  3227 | Sewer    | Entered a sewer
  3517 | Sewer    | Gained mutation: You can translocate small distances at
                  | will. [potion of mutation]
  3517 | Sewer    | Gained mutation: Your muscles are strong. (Str +2) [potion
                  | of mutation]
  3834 | Sewer    | HP: 1/24 [rat (2)]
  3839 | Sewer    | Succumbed to an adder's poison

Vault maps used:
D:1:      lightli_arrival_lavapool, st_stairs_5, due_unseen_surprise
D:2:      marbit_many_paths
D:3:      gup_sewer_entry_pipe, minmay_randomly_rotated_circles, uniq_ijyb
Sewer:    sewer_minmay_w

Skill      XL: |  1  2  3  4  5 |
---------------+----------------+-----
Stealth        | 5 6 7 |  7.6
Short Blades   | 2 3 4 |  4.3
Dodging        | |  3.0
Spellcasting   | |  2.6
Hexes          | |  3.6

Action                   |  1- 3 |  4- 6 || total
-------------------------+-------+-------++-------
Melee: Dagger            |   111 |   133 ||   244
 Fire: Hunting sling     |    50 |    35 ||    85
 Cast: Ensorcelled Hiber |    11 |    20 ||    31
  Use: Potion            |       |     4 ||     4
 Stab: Sleeping          |    19 |     8 ||    27
  Eat: Ration            |       |     2 ||     2
Armor: Robe              |     4 |    17 ||    21
Dodge: Dodged            |    70 |   138 ||   208

Table legend:
 A = Non-vault XP
 B = Vault XP
 C = Vault XP percentage of total XP
 D = Non-vault monster count
 E = Vault monster count
 F = Vault count percentage of total count
                 A         B        C        D         E       F
            +---------+---------+-------+---------+---------+-------
      Total |     201 |      99 |  33.0 |      44 |      26 |  37.1
            +---------+---------+-------+---------+---------+-------
        D:1 |      46 |       4 |   8.0 |      23 |       3 |  11.5
        D:2 |     155 |       1 |   0.6 |      21 |       1 |   4.5
        D:3 |       0 |      17 | 100.0 |       0 |       7 | 100.0
      Sewer |       0 |      77 | 100.0 |       0 |      15 | 100.0
            +---------+---------+-------+---------+---------+-------
